cohdb
Replays
Latest Replays
All Replays
Popular Replays
Top Player Replays
Match Explorer
How It Works
Community
CoH3 Stats
Reddit
Sign in to upload your games and track your stats! →
Sign in with Steam
Match 40944956
Unlisted
Match 40944956
Overview
Messages
Build Orders
End
Scout Squad
Construct Barracks
Riflemen Squad
Riflemen Squad
Riflemen Squad
Infantry Support Center
Grenade Package
Construct Medical Station
Construct Motor Pool
Selects Armored Battlegroup
Selects Veteran Crews
Selects Fast Deploy
M1 Anti-tank Gun Team
M1 Anti-tank Gun Team
M24 Chaffee Light Tank
Engineer Squad
Selects M31 Recovery Vehicle
Selects War Machine
♥weiden~ orz
HulkSMASH
0
0
Comments
sign in to comment!
No comments posted yet!